 Dungeon Crawl Stone Soup version 0.27-a0-953-g496ac5b (webtiles) character file.

Game seed: 12708477671980825560

3585 Nithhogg the Cleaver (level 9, -9/85 HPs)
             Began as a Deep Dwarf Fighter on Apr 11, 2021.
             Was a Follower of Makhleb.
             Mangled by a freezing wraith (21 damage)
             ... on level 7 of the Dungeon.
             The game lasted 00:09:49 (4288 turns).

Nithhogg the Cleaver (Deep Dwarf Fighter)           Turns: 4288, Time: 00:09:50

Health: -9/85      AC: 14    Str: 23    XL:     9   Next: 85%
Magic:  3/3        EV: 14    Int:  9    God:    Makhleb [*.....]
Gold:   320        SH:  0    Dex: 14    Spells: 8/8 levels left

rFire    + . .     SeeInvis +   a - +1 war axe (vamp)
rCold    . . .     Faith    .   (no shield)
rNeg     + . .     Spirit   .   F - +4 ring mail
rPois    .         Reflect  .   e - +0 helmet
rElec    .         Harm     .   (no cloak)
rCorr    .         Rampage  .   A - +1 pair of gloves {archery}
Will     +++..                  (no boots)
Stlth    +.........             (no amulet)
HPRegen  0.00/turn              j - ring of see invisible
MPRegen  0.08/turn              l - ring "Ahad" {rF+ rN+ Will++ Dex+2}

@: non-regenerating, slowed, very slow
A: damage resistance, heal wounds, sense surroundings 2, no regeneration
a: Heal Wounds, Renounce Religion


You were on level 7 of the Dungeon.
You worshipped Makhleb.
Makhleb was aware of your devotion.
You visited 1 branch of the dungeon, and saw 7 of its levels.

You collected 320 gold pieces.

Inventory:

Hand Weapons
 a - a +1 vampiric war axe (weapon)
Missiles
 v - 8 atropa-tipped darts
Armour
 b - a +0 scale mail
 c - a +0 kite shield
 e - a +0 helmet (worn)
 A - a +1 pair of gloves of archery (worn)
 F - a +4 ring mail (worn)
Jewellery
 j - a ring of see invisible (left hand)
 l - the ring "Ahad" (right hand) {rF+ rN+ Will++ Dex+2}
   (You acquired it on level 7 of the Dungeon)

   [ring of positive energy]

   It affects your dexterity (+2).
   It protects you from fire.
   It protects you from negative energy.
   It greatly increases your willpower.
 m - an amulet of guardian spirit
Wands
 t - a wand of mindburst (8)
 y - a wand of flame (3) (quivered)
Scrolls
 h - a scroll of vulnerability
 i - 8 scrolls of identify
 k - a scroll of fog
 u - a scroll of amnesia
 B - a scroll of magic mapping
 E - a scroll of fear {unknown}
Potions
 d - a potion of might
 f - 3 potions of invisibility {unknown}
 g - 2 potions of lignification {unknown}
 n - 2 potions of cancellation {unknown}
 p - 2 potions of flight {unknown}
 q - a potion of heal wounds {unknown}
 r - a potion of attraction {unknown}
 s - 2 potions of curing {unknown}
 w - a potion of brilliance {unknown}
 x - a potion of berserk rage {unknown}
 z - a potion of magic {unknown}


   Skills:
 + Level 6.4 Fighting
 * Level 10.0 Axes
 + Level 7.7 Armour
 + Level 6.7 Dodging
 - Level 3.2 Shields


You had 8 spell levels left.
You didn't know any spells.
Your spell library contained the following spells:

 Spells                   Type           Power      Damage    Failure   Level
 Freeze                   Ice            0%         1d3       52%         1
 Frozen Ramparts          Ice            0%         1d2       87%         3
 Ozocubu's Armour         Ice            0%         N/A       87%         3
 Static Discharge         Conj/Air       0%         N/A       87%         3
 Hailstorm                Conj/Ice       0%         3d3       99%         4
 Lightning Bolt           Conj/Air       0%         1d11      100%        5
 Metabolic Englaciation   Hex/Ice        0%         N/A       100%        5
 Ignition                 Fire           0%         3d3       100%        8
 Shatter                  Erth           0%         3d5*      100%        9
 Tornado                  Air            0%         N/A       100%        9


Dungeon Overview and Level Annotations

Branches:
Dungeon (7/15)             Temple (0/1) D:5

Altars:
Ashenzari
Makhleb
Trog
Uskayaw
Zin


Innate Abilities, Weirdness & Mutations

You are resistant to damage.
You can heal yourself by infusing magical energy.
You passively map the area around you.
You do not regenerate.


Message History

The freezing wraith misses you. The freezing wraith hits you.
* * * LOW HITPOINT WARNING * * *
You feel much better. The freezing wraith closely misses you.
The freezing wraith hits you. The freezing wraith drains your vigour!
You feel as though you will be slow longer.
You feel much better. The freezing wraith hits you.
The freezing wraith freezes you!
The freezing wraith hits you but does no damage.
The freezing wraith barely misses you. x2
Aiming: Throw Flame
Press: ? - help, Q - select action, (/) - cycle Shift-Dir - straight line, f/p - freezing wraith
Aim: a freezing wraith (almost destroyed, 32% to evade)
The puff of flame hits the freezing wraith.
The freezing wraith is burned terribly!
The freezing wraith is almost destroyed.
The freezing wraith hits you but does no damage. x2
Aiming: Throw Flame
Press: ? - help, Q - select action, (/) - cycle Shift-Dir - straight line, f/p - freezing wraith
Aim: a freezing wraith (almost destroyed, 32% to evade)
The puff of flame misses the freezing wraith.
The puff of flame hits the acid dragon.
The acid dragon is lightly wounded.
The freezing wraith hits you! The freezing wraith freezes you!
* * * LOW HITPOINT WARNING * * *
The freezing wraith misses you. The freezing wraith hits you.
The freezing wraith freezes you!
* * * LOW HITPOINT WARNING * * *
The freezing wraith completely misses you.
Your magical essence is drained by the effort!
You feel much better. The freezing wraith hits you.
The freezing wraith freezes you!
* * * LOW HITPOINT WARNING * * *
The freezing wraith barely misses you.
You feel much better. The freezing wraith hits you.
The freezing wraith freezes you!
* * * LOW HITPOINT WARNING * * *
The freezing wraith closely misses you. The freezing wraith hits you!
* * * LOW HITPOINT WARNING * * *
The freezing wraith freezes you!!
You die...

**,, * ♣.........♣* . ,
* ♣..♣♣♣♣.♣♣♣♣..♣* ,
,** ≈ ♣...†...♣* , , ,
≈ *♣..♣♣♣♣.♣♣♣♣..♣** ,
, ≈ ♣.........♣ , , , *
#####♣.♣##### *♣.#.
*♣♣....♣.♣..).♣♣ *
!≈≈≈?#♣....♣.♣.♣)[..♣#
*.≈≈≈.DW@...♣♣♣♣♣.....#
*(≈≈≈[#♣....♣.♣.♣....♣#
, ♣.#,
♣♣....♣.♣....♣♣** * ,,
* #######♣.♣##### *,, ,
* ≈ #....)........♣♣ ,
, , #♣..♣♣♣♣.♣..♣♣.♣#,
** *#.♣..♣♣♣.♣♣..♣♣.# ,
#♣♣♣..♣♣.♣♣♣.^♣♣#,
***** ♣♣..♣.♣ ♣♣..♣


You could see a freezing wraith and an acid dragon.

Vanquished Creatures
  A two-headed ogre (D:7)
  Pikel (D:4)
  Grinder (D:5)
  An acid dragon (D:7)
  A black bear (D:5)
  2 orc warriors (D:7)
  A sky beast (D:5)
  4 ogres
  A centaur (D:6)
  A kobold brigand (D:7)
  3 bullfrogs (D:7)
  2 wyvern zombies
  2 scorpions
  A water moccasin zombie (D:5)
  A wyvern skeleton (D:6)
  3 wights (D:7)
  A howler monkey (D:4)
  A centaur zombie (D:5)
  2 centaur skeletons
  A bullfrog skeleton (D:6)
  A gnoll shaman (D:7)
  A jelly (D:7)
  2 orc priests
  A scorpion zombie (D:5)
  2 orc wizards
  A hound skeleton (D:4)
  2 howler monkey skeletons
  8 adders
  2 ufetubi
  A worm (D:3)
  16 orcs
  8 endoplasms
  A giant cockroach (D:3)
  6 hobgoblins
  6 jackals
  2 quokkas
  8 ball pythons
  5 bats
  A frilled lizard (D:2)
  9 goblins
  11 kobolds
  6 rats
131 creatures vanquished.

Vanquished Creatures (others)
  A sky beast (D:7)
1 creature vanquished.

Grand Total: 132 creatures vanquished

Notes
Turn   | Place    | Note
-------+----------+-------------------------------------------
     0 | D:1      | Nithhogg the Deep Dwarf Fighter began the quest for the
                  | Orb.
     0 | D:1      | Reached XP level 1. HP: 20/20 MP: 1/1
   198 | D:1      | Reached XP level 2. HP: 25/27 MP: 2/2
   495 | D:2      | Reached skill level 1 in Dodging
   515 | D:2      | Reached skill level 3 in Axes
   515 | D:2      | Reached XP level 3. HP: 17/33 MP: 3/3
   871 | D:2      | Reached XP level 4. HP: 26/42 MP: 4/4
  1737 | D:3      | Found a faded altar of an unknown god.
  1996 | D:4      | Found a bloodstained altar of Trog.
  1999 | D:4      | Noticed an ogre
  2010 | D:4      | Killed an ogre
  2011 | D:4      | Reached skill level 4 in Axes
  2011 | D:4      | Reached XP level 5. HP: 49/49 MP: 4/4
  2072 | D:4      | Reached XP level 6. HP: 48/56 MP: 5/5
  2219 | D:4      | Found a hide-covered altar of Uskayaw.
  2220 | D:4      | Found a broken altar of Ashenzari.
  2225 | D:4      | Found a burning altar of Makhleb.
  2268 | D:4      | Became a worshipper of Makhleb the Destroyer
  2331 | D:4      | Noticed Pikel
  2352 | D:4      | Killed Pikel
  2353 | D:4      | Reached skill level 6 in Axes
  2353 | D:4      | Reached skill level 5 in Armour
  2353 | D:4      | Reached XP level 7. HP: 35/66 MP: 5/5
  2659 | D:5      | Entered Level 5 of the Dungeon
  2678 | D:5      | Reached XP level 8. HP: 49/73 MP: 5/5
  2708 | D:5      | Noticed Grinder
  2725 | D:5      | Killed Grinder
  2726 | D:5      | Reached skill level 7 in Axes
  2808 | D:5      | Found a staircase to the Ecumenical Temple.
  2907 | D:5      | Reached skill level 5 in Fighting
  2967 | D:5      | Reached skill level 5 in Dodging
  3094 | D:5      | Reached skill level 8 in Axes
  3106 | D:5      | Found a glowing silver altar of Zin.
  3723 | D:6      | Reached * piety under Makhleb
  3974 | D:7      | Gained mutation: You passively map the area around you.
                  | [Deep Dwarf growth]
  3974 | D:7      | Reached XP level 9. HP: 61/81 MP: 5/5
  4020 | D:7      | Identified a scroll of acquirement
  4020 | D:7      | Acquired the ring "Ahad" {rF+ rN+ Will++ Dex+2}
  4127 | D:7      | Noticed a two-headed ogre
  4146 | D:7      | Killed a two-headed ogre
  4147 | D:7      | Reached skill level 9 in Axes
  4215 | D:7      | Reached skill level 10 in Axes
  4269 | D:7      | Noticed a freezing wraith
  4281 | D:7      | HP: 3/85 [freezing wraith (15)]
  4282 | D:7      | HP: 1/85 [freezing wraith (2)]
  4288 | D:7      | Mangled by a freezing wraith

Illustrated notes

Levels and vault maps discovered:
D:1:      dpeg_arrival_more_subterranean_lakeside_camping, layout_rooms,
          chequers_serial_rivers_micro_b
D:2:      layout_loops_ring, serial_bayou_pond_e, minmay_hexomino_u4
D:3:      layout_basic, shapermc_ecumenical_altar_mp_vishouse
D:4:      layout_loops_cross, general_overflow_altar,
          gammafunk_temple_overflow_forgotten, uniq_pikel
D:5:      layout_basic, zin_academy, minmay_temple_entry_grid,
          minmay_fractal_squares_diagonal_5, uniq_grinder
D:6:      layout_loops_ring, hangedman_abyss_or_decor_slice,
          minmay_misc_feat_diagonals, kennysheep_cross_room
D:7:      nzn_winding_woodlands_three_and_one
          [nzn_winding_woodlands_5x15_pockets,
          nzn_winding_woodlands_5x15_parted, nzn_winding_woodlands_5x15_eye,
          nzn_winding_woodlands_center_triple_pond], layout_gridville,
          kennysheep_mini_moat

Skill      XL: |  1  2  3  4  5  6  7  8  9 |
---------------+----------------------------+-----
Dodging        | 1 2 3 4 5 6 |  6.7
Axes           | 3 4 6 8 10 | 10.0
Fighting       | 3 4 5 6 |  6.4
Armour         | 4 5 6 7 |  7.7
Shields        | |  3.2

Action                   |  1- 3 |  4- 6 |  7- 9 || total
-------------------------+-------+-------+-------++-------
Melee: War axe           |   120 |   104 |   241 ||   465
 Abil: Heal Wounds       |     1 |     4 |    19 ||    24
Evoke: Wand              |       |       |     9 ||     9
  Use: Scroll            |       |       |    11 ||    11
       Potion            |       |       |     1 ||     1
Armor: Scale mail        |    79 |    51 |    75 ||   205
       Ring mail         |       |       |    40 ||    40
Dodge: Dodged            |    79 |    56 |   190 ||   325

Table legend: (Time is in decaauts)
 A = Elapsed time spent in this place.
 B = Non-inter-level travel time spent in this place.
 C = Inter-level travel time spent in this place.
 D = Time resting spent in this place.
 E = Time spent auto-exploring this place.
 F = Levels seen in this place.
 G = Mean time per level.
                   A        B        C        D        E       F      G
               +--------+--------+--------+--------+--------+-----+--------+
         Total |   4388 |   4211 |    177 |      0 |   3176 |   7 |  626.9 |
       Dungeon |   4388 |   4211 |    177 |      0 |   3176 |   7 |  626.9 |
               +--------+--------+--------+--------+--------+-----+--------+

Top non-repeatable levels by time:
     D:2: 790 daAuts
     D:4: 740 daAuts
     D:3: 704 daAuts
     D:6: 684 daAuts
     D:5: 607 daAuts
     D:1: 501 daAuts
     D:7: 359 daAuts
